 Dungeon Crawl Stone Soup version 0.29-a0-72-g1732ff48e7 (webtiles) character file.

Game seed: 15772403775626204873

251 HallandMoats the Skirmisher (level 5, -4/43 HPs)
             Began as a Demonspawn Fighter on Feb 3, 2022.
             Slain by Pikel (5 damage)
             ... on level 4 of the Dungeon.
             The game lasted 00:05:08 (4333 turns).

HallandMoats the Skirmisher (Demonspawn Fighter)    Turns: 4333, Time: 00:05:09

Health: -4/43      AC:  8    Str: 24    XL:     5   Next: 88%
Magic:  7/7        EV: 11    Int:  9    God:
Gold:   191        SH:  4    Dex: 13    Spells: 4/4 levels left

rFire   + . .      SeeInvis .   a - +0 trident (vorpal)
rCold   . . .      Faith    .   c - +0 buckler
rNeg    . . .      Spirit   .   u - +2 leather armour {rF+}
rPois   .          Reflect  .   o - +0 helmet
rElec   .          Harm     .   (no cloak)
rCorr   +          Rampage  .   n - +0 pair of gloves
Will    .....                   (no boots)
Stlth   +.........              (no amulet)
HPRegen 0.14/turn               b - +6 ring of strength
MPRegen 0.10/turn               k - ring "Ymuu" {rCorr Slay+3}

@: no status effects
A: rugged brown scales 1, demonic guardian 1
a: no special abilities


You were on level 4 of the Dungeon.
You visited 1 branch of the dungeon, and saw 4 of its levels.

You collected 191 gold pieces.

Inventory:

Hand Weapons
 a - a +0 vorpal trident (weapon)
Armour
 c - a +0 buckler (worn)
 n - a +0 pair of gloves (worn)
 o - a +0 helmet (worn)
 u - a +2 leather armour of fire resistance (worn)
Jewellery
 b - a +6 ring of strength (left hand)
 f - a ring of protection from fire
 h - a +6 ring of strength
 k - the ring "Ymuu" (right hand) {rCorr Slay+3}
   (You acquired it on level 4 of the Dungeon)

   [ring of resist corrosion]

   Slay:      It affects your accuracy & damage with ranged weapons and melee
   (+3).
   rCorr:     It protects you from acid and corrosion.
 m - a ring of ice
Scrolls
 g - 2 scrolls of immolation
 q - a scroll of holy word {unknown}
Potions
 e - a potion of magic {unknown}
 i - 3 potions of attraction {unknown}
 j - 2 potions of ambrosia {unknown}
 l - a potion of resistance {unknown}
 p - a potion of degeneration {unknown}
 r - a potion of heal wounds {unknown}


   Skills:
 * Level 4.1 Fighting
 * Level 3.0 Polearms
 + Level 3.2 Armour
 + Level 1.4 Dodging
 + Level 3.2 Shields
 * Level 3.4 Invocations


You had 4 spell levels left.
You didn't know any spells.
Your spell library contained the following spells:

 Spells                   Type           Power      Damage    Failure   Level
 Foxfire                  Conj/Fire      0%         2x1d4     52%         1
 Conjure Flame            Conj/Fire      0%         6-21      88%         3
 Inner Flame              Hex/Fire       0%         N/A       88%         3
 Flame Wave               Conj/Fire      0%         2d4       99%         4


Dungeon Overview and Level Annotations

Branches:
Dungeon (4/15)
 Temple: D:4-7

Altars:
Kikubaaqudgha

Annotations:
D:4 Pikel


Innate Abilities, Weirdness & Mutations

You are partially covered in rugged brown scales. (AC +1, +3% HP)
A weak demonic guardian rushes to your aid.


Message History

You climb downwards.
Level annotation: Pikel Pikel says, "You'll make a fine lemure."
Pikel hits you with a +2 whip of freezing.
Pikel freezes you.
There is a stone staircase leading up, spattered with blood here.
You hit Pikel.
Pikel is lightly wounded.
Pikel hits you with a +2 whip of freezing.
Pikel freezes you.
You closely miss Pikel.
Pikel is lightly wounded.
You block Pikel's attack. Pikel barely misses you.
You closely miss Pikel.
Pikel is lightly wounded.
Pikel hits you with a +2 whip of freezing.
Pikel freezes you.
You hit Pikel but do no damage.
Pikel is lightly wounded.
Pikel closely misses you.
You puncture Pikel!
Pikel is moderately wounded.
Pikel barely misses you.
You hit Pikel.
Pikel is moderately wounded.
Pikel misses you.
You puncture Pikel!
Pikel is severely wounded.
Pikel hits you with a +2 whip of freezing.
Pikel freezes you.
Pikel hits you with a +2 whip of freezing.
* * * LOW HITPOINT WARNING * * *
Pikel freezes you.
* * * LOW HITPOINT WARNING * * *
You hit Pikel.
Pikel is severely wounded.
Pikel hits you with a +2 whip of freezing!
* * * LOW HITPOINT WARNING * * *
A demonic guardian appears!
Pikel freezes you.
You die...

#........#..##
..........#..##
.........รท#...#
.............####
..............#.#
........#......###
........##......5#
........#........#
.............K@###
.................#
..............###
..........)>.###
...>.....<.....#
..............##
.............##
##...........#
#......>....#


You could see Pikel (ally target) and a friendly iron imp (summoned).

Vanquished Creatures
  4 lemures
  A phantom (D:3)
  A bullfrog skeleton (D:3)
  A hound skeleton (D:4)
  Robin (D:2)
  A gnoll (D:1)
  3 adders
  A worm (D:3)
  4 dart slugs
  6 endoplasms
  3 giant cockroaches
  13 goblins
  6 hobgoblins
  4 quokkas
  5 ball pythons
  8 bats
  4 frilled lizards
  9 kobolds
  8 rats
83 creatures vanquished.

Vanquished Creatures (collateral kills)
  A hobgoblin (D:2)
  A frilled lizard (D:2)
2 creatures vanquished.

Grand Total: 85 creatures vanquished

Notes
Turn   | Place    | Note
-------+----------+-------------------------------------------
     0 | D:1      | HallandMoats the Demonspawn Fighter began the quest for the
                  | Orb.
     0 | D:1      | Reached XP level 1. HP: 18/18 MP: 1/1
   165 | D:1      | Gained mutation: You are partially covered in rugged brown
                  | scales. (AC +1, +3% HP) [demonic ancestry]
   165 | D:1      | Reached XP level 2. HP: 18/24 MP: 2/2
   254 | D:1      | Reached skill level 1 in Invocations
   704 | D:1      | Reached XP level 3. HP: 29/29 MP: 4/4
  1295 | D:2      | Gained mutation: A weak demonic guardian rushes to your
                  | aid. [demonic ancestry]
  1295 | D:2      | Reached XP level 4. HP: 26/36 MP: 5/5
  1411 | D:2      | Found an ancient bone altar of Kikubaaqudgha.
  1481 | D:2      | Noticed Robin
  1495 | D:2      | Killed Robin
  1497 | D:2      | Reached skill level 1 in Dodging
  2441 | D:3      | Reached XP level 5. HP: 32/43 MP: 5/7
  2910 | D:3      | Found a faded altar of an unknown god.
  3346 | D:4      | Noticed a phantom
  3372 | D:3      | Killed a phantom
  3373 | D:3      | Reached skill level 4 in Fighting
  3662 | D:4      | Identified a scroll of acquirement
  3663 | D:4      | Acquired the ring "Ymuu" {rCorr Slay+3}
  3711 | D:4      | Noticed a lemure
  3729 | D:4      | Killed a lemure
  3789 | D:4      | Noticed Pikel
  3794 | D:4      | Noticed a lemure
  3798 | D:4      | Noticed a lemure
  3810 | D:4      | Noticed a lemure
  3831 | D:3      | Killed a lemure
  3861 | D:3      | Killed a lemure
  3866 | D:3      | Killed a lemure
  4333 | D:4      | HP: 1/43 [Pikel (9)]
  4333 | D:4      | Slain by Pikel

Illustrated notes

Levels and vault maps discovered:
D:1:      dpeg_arrival_pits, layout_basic
D:2:      layout_loops_ring, basic_altar, nrook_uturn, grunt_ministairs_4,
          corexii_shack, serial_park_tiny_1, kennysheep_generic_room_8,
          uniq_robin
D:3:      layout_loops_corners, chequers_ecumenical_altar_twisty
D:4:      layout_cave_pools, fedhas_altar_4, uniq_pikel

Skill      XL: |  1  2  3  4  5 |
---------------+----------------+-----
Polearms       | 2 3 |  3.0
Invocations    | 1 2 3 |  3.4
Shields        | 3 |  3.2
Dodging        | 1 |  1.4
Armour         | 3 |  3.2
Fighting       | 4 |  4.1

Action                   |  1- 3 |  4- 6 || total
-------------------------+-------+-------++-------
Melee: Trident           |   103 |   161 ||   264
  Use: Scroll            |       |     7 ||     7
       Potion            |       |     2 ||     2
Armor: Scale mail        |    39 |    46 ||    85
       Leather armour    |       |    27 ||    27
Dodge: Dodged            |    21 |    71 ||    92
Block: Buckler           |    14 |    30 ||    44

Table legend: (Time is in decaauts)
 A = Elapsed time spent in this place.
 B = Non-inter-level travel time spent in this place.
 C = Inter-level travel time spent in this place.
 D = Time resting spent in this place.
 E = Time spent auto-exploring this place.
 F = Levels seen in this place.
 G = Mean time per level.
                   A        B        C        D        E       F      G
               +--------+--------+--------+--------+--------+-----+--------+
         Total |   4392 |   4330 |     62 |   1226 |   2424 |   4 | 1098.0 |
       Dungeon |   4392 |   4330 |     62 |   1226 |   2424 |   4 | 1098.0 |
               +--------+--------+--------+--------+--------+-----+--------+

Top non-repeatable levels by time:
     D:3: 1834 daAuts
     D:2: 1259 daAuts
     D:1: 1113 daAuts
     D:4: 185 daAuts
